 Dungeon Crawl Stone Soup version 0.20-a0-984-ge8aa303 (webtiles) character file.

217 Monsterrace the Conjurer (level 5, -3/28 HPs)
             Began as a Deep Elf Conjurer on Apr 10, 2017.
             Was an Initiate of Sif Muna.
             Slain by a gnoll shaman
             ... wielding a +0 club
              (7 damage)
             ... on level 4 of the Dungeon.
             The game lasted 00:15:59 (4239 turns).

Monsterrace the Conjurer (Deep Elf Conjurer)        Turns: 4239, Time: 00:16:00

Health: -3/28      AC:  3    Str:  5    XL:     5   Next: 61%
Magic:  0/13       EV: 12    Int: 21    God:    Sif Muna [......]
Gold:   250        SH:  4    Dex: 15    Spells: 3/13 levels left

rFire    . . .     SeeInvis .   j - +4 dagger
rCold    . . .     Gourm    +   n - +0 buckler (curse)
rNeg     . . .     Faith    .   a - +0 robe
rPois    .         Spirit   .   (no helmet)
rElec    .         Reflect  .   g - +0 cloak
rCorr    .         Harm     .   (no gloves)
MR       .....                  (no boots)
Stlth    +++.......             m - amulet of the gourmand
Regen    0.1/turn               i - ring of stealth
MPRegen  0.2/turn               (no ring)

@: very slightly contaminated
A: no striking features
a: Renounce Religion


You were on level 4 of the Dungeon.
You worshipped Sif Muna.
Sif Muna was noncommittal.
You were completely stuffed.

You visited 2 branches of the dungeon, and saw 5 of its levels.

You collected 250 gold pieces.

Inventory:

Hand Weapons
 j - a +4 dagger (weapon)
Armour
 a - a +0 robe (worn)
 g - a +0 cloak (worn)
 n - a cursed +0 buckler (worn)
Jewellery
 i - a ring of stealth (left hand)
 m - an amulet of the gourmand (around neck)
 q - an uncursed ring of fire
Scrolls
 d - a scroll of enchant weapon
 h - 3 scrolls of remove curse
 o - 3 scrolls of identify
Potions
 r - a potion of curing
Books
 b - a book of Conjurations

   Spells                             Type                      Level
   a - Magic Dart                     Conjuration                  1
   b - Searing Ray                    Conjuration                  2
   c - Dazzling Spray                 Conjuration/Hexes            3
   d - Fulminant Prism                Conjuration/Hexes            4
   e - Force Lance                    Conjuration/Translocation    4
   f - Iskenderun's Mystic Blast      Conjuration                  4
Comestibles
 c - 3 bread rations
 f - 2 meat rations
 k - 2 chunks of flesh
 l - a royal jelly
 p - 5 fruits


   Skills:
 - Level 2.4 Dodging
 - Level 2.4 Stealth
 - Level 1.0 Shields
 + Level 4.6 Spellcasting
 * Level 6.8 Conjurations


You had 3 spell levels left.
You knew the following spells:

 Your Spells              Type           Power        Failure   Level  Hunger
a - Magic Dart            Conj           ####         1%          1    None
b - Searing Ray           Conj           ####..       1%          2    #......
c - Iskenderun's Mystic   Conj           ####....     12%         4    ####...
d - Dazzling Spray        Conj/Hex       ###...       14%         3    ##.....


Dungeon Overview and Level Annotations

Branches:
Dungeon (4/15)             Temple (1/1) D:4

Altars:
Ashenzari
Dithmenos
Elyvilon
Fedhas
Hepliaklqana
Kikubaaqudgha
Makhleb
Okawaru
Qazlal
Ru
Sif Muna
Trog
Uskayaw
Wu Jian
Xom
Yredelemnul
Zin


Message History

You hit the gnoll shaman.
The gnoll shaman is severely wounded.
The gnoll shaman hits you with a club!
* * * LOW HITPOINT WARNING * * *
Casting: Magic Dart
Confirm with . or Enter, or press ? or * to list all spells.
Aiming: Magic Dart
Press: ? - help, Shift-Dir - straight line, f/p - gnoll shaman
Aim: a gnoll shaman, wielding a club and wearing a robe (severely wounded)
The magic dart hits the gnoll shaman.
The gnoll shaman is almost dead.
The gnoll shaman closely misses you.
You hit the gnoll shaman.
The gnoll shaman is almost dead.
The gnoll shaman prays to its god.
The gnoll shaman is healed somewhat.
You closely miss the gnoll shaman.
The gnoll shaman is severely wounded.
The gnoll shaman hits you with a club!
You die...

.>.# ###..# #......#
#..###...## #......#
#.##...### #......#
#.##.########......#
.....###......##.###
.......#......##.#
....##........##.#
....####......##.#
..............##@#
.#.....#......##g########
...###...g..............##
####
###.................## #
#..................#
#..................#
###............†..#
#......>........#
#...............#


You could see a gnoll shaman.

Vanquished Creatures
  A worker ant (D:4)
  3 gnolls (D:4)
  5 adders
  An ooze (D:1)
  An adder skeleton (D:4)
  3 worms
  A leopard gecko (D:4)
  9 orcs (D:3)
  11 bats
  2 giant cockroaches
  10 hobgoblins
  14 jackals
  6 kobolds
  3 quokkas
  A ball python (D:1)
  3 frilled lizards
  6 goblins
  9 rats
89 creatures vanquished.

Notes
Turn   | Place    | Note
-------+----------+-------------------------------------------
     0 | D:1      | Monsterrace the Deep Elf Conjurer began the quest for the Orb.
     0 | D:1      | Reached XP level 1. HP: 10/10 MP: 6/6
   285 | D:1      | Reached XP level 2. HP: 15/15 MP: 4/8
   361 | D:1      | Learned a level 2 spell: Searing Ray
   385 | D:1      | Reached skill level 5 in Conjurations
   680 | D:1      | Reached XP level 3. HP: 19/19 MP: 4/9
   812 | D:2      | Found a shimmering altar of Xom.
  1287 | D:2      | Found a hazy altar of Hepliaklqana.
  1570 | D:2      | Found an iron altar of Okawaru.
  1802 | D:2      | Reached XP level 4. HP: 24/24 MP: 7/11
  1880 | D:2      | Learned a level 4 spell: Iskenderun's Mystic Blast
  1884 | D:2      | Learned a level 3 spell: Dazzling Spray
  2116 | D:3      | Reached skill level 6 in Conjurations
  3062 | D:3      | Reached skill level 1 in Shields
  3308 | D:3      | Reached XP level 5. HP: 28/28 MP: 10/12
  3478 | D:4      | Found a staircase to the Ecumenical Temple.
  3490 | Temple   | Entered the Ecumenical Temple
  3555 | Temple   | Became a worshipper of Sif Muna the Loreminder
  4239 | D:4      | Slain by a gnoll shaman

Vault maps used:
D:1:      saegor_arrival_simple_a
D:2:      nicolae_overflow_crystal_walls, okawaru_trees_2, xom_butterflies,
          serial_co_window_serial, co_window_corner_a, co_window_paths_a,
          co_window_paths_a, co_window_paths_a, co_window_cross_1,
          co_window_paths_a, co_window_corner_a, co_window_corner_b,
          co_window_broadway_c, co_window_2corner, co_window_broadway_a,
          glass_columns_a, glass_columns_a, glass_columns_a, glass_columns_c,
          glass_columns_b
D:4:      minmay_temple_entry_statues_fountains, first_bread
Temple:   eino_temple_lava

Skill      XL: |  1  2  3  4  5 |
---------------+----------------+-----
Conjurations   | 5 6 |  6.8
Shields        | 1 |  1.0
Spellcasting   | 4 |  4.6
Dodging        | |  2.4
Stealth        | |  2.4

Action                   |  1- 3 |  4- 6 || total
-------------------------+-------+-------++-------
Melee: Dagger            |     1 |     8 ||     9
 Cast: Magic Dart        |    76 |    88 ||   164
       Searing Ray       |     3 |     9 ||    12
  Use: Potion            |     2 |     6 ||     8
       Scroll            |       |     5 ||     5
  Eat: Chunk             |     3 |    16 ||    19
Armor: Robe              |     1 |     6 ||     7
Dodge: Dodged            |     2 |    14 ||    16
Block: Buckler           |       |     7 ||     7
